 Dungeon Crawl Stone Soup version 0.28.0-47-ge53b351184 (webtiles) character file.

Game seed: 17827363511145722688

2028 bobregger the Basher (level 9, -2/84 HPs)
             Began as an Ogre Berserker on May 5, 2022.
             Was a Follower of Trog.
             Slain by ShadowYui's ghost (13 damage)
             ... on level 5 of the Dungeon.
             The game lasted 00:09:30 (5049 turns).

bobregger the Basher (Ogre Berserker)               Turns: 5049, Time: 00:09:31

Health: -2/84      AC: 10    Str: 23    XL:     9   Next: 23%
Magic:  9/9        EV: 10    Int:  8    God:    Trog [*.....]
Gold:   204        SH:  0    Dex: 12    Spells: 8/8 levels left

rFire   + . .      SeeInvis .   i - +1 mace (drain)
rCold   . . .      Faith    .   (no shield)
rNeg    . . .      Spirit   .   b - +0 animal skin
rPois   .          Reflect  .   (helmet restricted)
rElec   .          Harm     .   f - +2 cloak
rCorr   .          Rampage  .   (gloves unavailable)
Will    ++...                   (boots unavailable)
Stlth   +.........              (no amulet)
HPRegen 1.24/turn               j - +4 ring of protection
MPRegen 0.11/turn               l - ring of protection from fire

@: strong-willed, on berserk cooldown, regenerating
A: large, unfitting armour, tough skin 1
a: Renounce Religion, Berserk


You were on level 5 of the Dungeon.
You worshipped Trog.
Trog was aware of your devotion.
You visited 1 branch of the dungeon, and saw 5 of its levels.

You collected 204 gold pieces.

Inventory:

Hand Weapons
 i - a +1 mace of draining (weapon)
 s - a +1 giant spiked club
Armour
 b - a +0 animal skin (worn)
 f - a +2 cloak (worn)
Jewellery
 j - a +4 ring of protection (left hand)
 l - a ring of protection from fire (right hand)
Wands
 c - a wand of charming (10)
 e - a wand of polymorph (8)
 q - a wand of paralysis (2)
Scrolls
 k - a scroll of immolation
 o - a scroll of identify {unknown}
Potions
 a - a potion of berserk rage {unknown}
 d - a potion of haste {unknown}
 g - a potion of brilliance {unknown}
 h - 3 potions of might {unknown}
 n - a potion of cancellation {unknown}
 p - 2 potions of heal wounds {unknown}


   Skills:
 - Level 4.0 Fighting
 + Level 11.2 Maces & Flails
 - Level 2.6 Dodging


You had 8 spell levels left.
You didn't know any spells.
Your spell library was empty.

Dungeon Overview and Level Annotations

Branches:
Dungeon (5/15)             Temple (0/1) D:4

Altars:
Xom
Beogh

Shops:
D:4 :

Annotations:
D:4 3 runed translucent doors, Woods's ghost, amateur DECj
D:5 ShadowYui's ghost, novice MiBe


Innate Abilities, Weirdness & Mutations

You are too large for most types of armour.
You have tough skin. (AC +1)


Message History

ShadowYui's ghost hits you.
* * * LOW HITPOINT WARNING * * *
You barely miss ShadowYui's ghost.
ShadowYui's ghost is almost destroyed.
ShadowYui's ghost barely misses you.
You hit ShadowYui's ghost but do no damage.
ShadowYui's ghost is almost destroyed.
ShadowYui's ghost hits you but does no damage.
ShadowYui's ghost hits you!
* * * LOW HITPOINT WARNING * * *
You hit ShadowYui's ghost. Your punch misses ShadowYui's ghost.
ShadowYui's ghost is almost destroyed.
ShadowYui's ghost closely misses you.
You hit ShadowYui's ghost but do no damage.
ShadowYui's ghost is almost destroyed.
ShadowYui's ghost hits you but does no damage.
You closely miss ShadowYui's ghost.
ShadowYui's ghost is almost destroyed.
You feel yourself speed up. ShadowYui's ghost hits you.
* * * LOW HITPOINT WARNING * * *
ShadowYui's ghost hits you!
* * * LOW HITPOINT WARNING * * *
You hit ShadowYui's ghost but do no damage.
ShadowYui's ghost is almost destroyed.
You hit ShadowYui's ghost but do no damage.
ShadowYui's ghost is almost destroyed.
ShadowYui's ghost whispers, "Everlasting silence awaits you..."
ShadowYui's ghost closely misses you.
You hit ShadowYui's ghost.
ShadowYui's ghost is almost destroyed.
ShadowYui's ghost closely misses you.
You hit ShadowYui's ghost but do no damage.
ShadowYui's ghost is almost destroyed.
ShadowYui's ghost hits you.
* * * LOW HITPOINT WARNING * * *
You barely miss ShadowYui's ghost.
ShadowYui's ghost is almost destroyed.
ShadowYui's ghost hits you!
You die...

....$## .....$...##
..........# # ...
...........## .# ...# ..
.........## .# .....#
#........# #.#
#.##.####........### $.#
###.#.......)...@....##.#
............÷...W.......#
....................#####
........###.÷........##
..........##..........###
......#...[#.#..........#
......#....#....####'####
......##(..####...#./.#
#......####.. ##..#.8P#


You could see ShadowYui's ghost.

Vanquished Creatures
  Pikel (D:4)
  Grinder (D:5)
  A yak (D:5)
  A black bear (D:5)
  A sky beast (D:5)
  A necrophage (D:5)
  A centaur (D:5)
  3 ogres
  A phantom (D:5)
  A bullfrog (D:5)
  A scorpion (D:5)
  A water moccasin zombie (D:5)
  A wyvern skeleton (D:4)
  Crazy Yiuf (D:4)
  A hound (D:4)
  A bullfrog skeleton (D:4)
  2 orc priests (D:3)
  Terence (D:3)
  A killer bee zombie (D:5)
  A hound skeleton (D:4)
  A howler monkey skeleton (D:5)
  5 adders
  A shadow imp (D:5)
  An ufetubus (D:5)
  An adder zombie (D:5)
  2 dart slugs
  8 orcs
  6 ball pythons
  4 endoplasms
  2 giant cockroaches
  5 goblins
  3 hobgoblins
  2 quokkas
  7 bats
  4 frilled lizards
  2 kobolds (D:2)
  4 rats
81 creatures vanquished.

Vanquished Creatures (others)
  A withered plant (D:5)
1 creature vanquished.

Grand Total: 82 creatures vanquished

Notes
Turn   | Place    | Note
-------+----------+-------------------------------------------
     0 | D:1      | bobregger the Ogre Berserker began the quest for the Orb.
     0 | D:1      | Reached XP level 1. HP: 24/24 MP: 1/1
    33 | D:1      | Reached skill level 3 in Maces & Flails
    75 | D:1      | HP: 1/36 [hobgoblin (2)]
    79 | D:1      | Reached XP level 2. HP: 2/32 MP: 2/2
   479 | D:1      | Found a faded altar of an unknown god.
   880 | D:2      | Reached XP level 3. HP: 39/39 MP: 3/3
   910 | D:2      | Reached skill level 4 in Maces & Flails
  1221 | D:2      | Reached XP level 4. HP: 45/48 MP: 4/4
  1255 | D:2      | Found a shimmering altar of Xom.
  1463 | D:2      | Reached ** piety under Trog
  1788 | D:3      | Noticed Terence
  1799 | D:3      | Killed Terence
  1800 | D:3      | Reached skill level 5 in Maces & Flails
  1800 | D:3      | Reached XP level 5. HP: 54/54 MP: 5/5
  2539 | D:4      | Found a staircase to the Ecumenical Temple.
  2541 | D:4      | Found a runed translucent gate.
  2541 | D:4      | Noticed Woods's ghost (amateur DECj)
  2542 | D:4      | Identified the +10 spear of Scorn {flame, rC+ rN+ Will+
                  | Str-4}
  2544 | D:4      | Found a runed translucent gate.
  2546 | D:4      | Found a runed translucent gate.
  2546 | D:4      | Noticed an ogre
  2555 | D:4      | Killed an ogre
  2556 | D:4      | Reached skill level 6 in Maces & Flails
  2556 | D:4      | Reached XP level 6. HP: 59/62 MP: 6/6
  2632 | D:4      | Noticed Pikel
  2638 | D:4      | Found a runed translucent door.
  2654 | D:4      | Killed Pikel
  2655 | D:4      | Reached skill level 8 in Maces & Flails
  2655 | D:4      | Reached XP level 7. HP: 69/70 MP: 7/7
  2939 | D:4      | Found Qenaehat's Book Emporium.
  3032 | D:4      | Noticed Crazy Yiuf
  3553 | D:4      | Killed Crazy Yiuf
  3554 | D:4      | Reached XP level 8. HP: 78/78 MP: 8/8
  3697 | D:5      | Entered Level 5 of the Dungeon
  4284 | D:5      | Reached skill level 9 in Maces & Flails
  4396 | D:5      | Noticed Grinder
  4417 | D:5      | Paralysed by Grinder for 4 turns
  4458 | D:5      | Paralysed by Grinder for 2 turns
  4463 | D:5      | Killed Grinder
  4654 | D:5      | Noticed a yak
  4664 | D:5      | Killed a yak
  4665 | D:5      | Reached skill level 10 in Maces & Flails
  4726 | D:5      | Found a runed translucent door.
  4726 | D:5      | Noticed ShadowYui's ghost (novice MiBe)
  4729 | D:5      | Reached XP level 9. HP: 52/84 MP: 9/9
  4742 | D:5      | Reached skill level 11 in Maces & Flails
  5049 | D:5      | Slain by ShadowYui's ghost

Illustrated notes

Levels and vault maps discovered:
D:1:      shiori_arrival_oz, layout_loops_ring,
          hellmonk_ecumenical_altar_lost_god
D:2:      layout_basic, basic_altar
D:3:      layout_loops_ring, uniq_terence
D:4:      layout_rooms, minmay_temple_entry_statues_pillars, serial_shops,
          kennysheep_mini_moat, biasface_ghost_orc_armoury, uniq_pikel,
          uniq_crazy_yiuf_cottage
D:5:      layout_cave_pools, gammafunk_temple_overflow_statue,
          gammafunk_ghost_grave, nicolae_shop_fire_sale
          [nicolae_sub_dead_trees], minmay_bent, uniq_grinder

Skill      XL: |  1  2  3  4  5  6  7  8  9 |
---------------+----------------------------+-----
Maces & Flails | 3 4 5 6 8 10 11 | 11.2
Fighting       | |  4.0
Dodging        | |  2.6

Action                   |  1- 3 |  4- 6 |  7- 9 || total
-------------------------+-------+-------+-------++-------
Melee: Mace              |    24 |       |   141 ||   165
       Punch             |     2 |       |     1 ||     3
       Flail             |    60 |    92 |       ||   152
       Whip              |       |       |    25 ||    25
Invok: Berserk           |     2 |     5 |     9 ||    16
       Trog's Hand       |       |       |     2 ||     2
  Use: Scroll            |       |     5 |     1 ||     6
       Potion            |       |       |     2 ||     2
Armor: Animal skin       |    50 |    39 |    72 ||   161
Dodge: Dodged            |    52 |    51 |   112 ||   215
